 Dungeon Crawl Stone Soup version 0.18.1-48-g4cf74bf (webtiles) character file.

145155 Doomgape the Black Belt (level 16, -1/120 HPs)
             Began as a Demonspawn Monk on July 28, 2016.
             Was a High Priest of Makhleb.
             Slain by a demonic crawler (3 damage)
             ... on level 2 of the Spider Nest on July 29, 2016.
             The game lasted 02:58:45 (39019 turns).

Doomgape the Black Belt (Demonspawn Monk)          Turns: 39019, Time: 02:58:46

Health: -1/120     AC:  8    Str: 22    XL:     16   Next: 86%
Magic:  0/27       EV: 10    Int: 12    God:    Makhleb [*****.]
Gold:   877        SH:  0    Dex: 17    Spells: 7 memorised, 8 levels left

rFire  + . .     SeeInvis .       - Unarmed
rCold  + + +     Gourm    .     u - +2 robe {rF+}
rNeg   + + .     Faith    .     (no shield)
rPois  +         Spirit   +     (helmet restricted)
rElec  .         Dismiss  .     g - +2 cloak
rCorr  .         Reflect  .     (no gloves)
SustAt +         Harm     .     P - +0 pair of boots of the Equinox {rC+ rN+ Regen+}
MR     +....                    y - amulet of guardian spirit
Stlth  ++........               B - ring "Uroycix" {SustAt *Contam rC+ rN+ Str+5}
                                i - ring of poison resistance

@: very slightly contaminated, held, somewhat resistant to hostile enchantments,
unstealthy
A: antennae 2, claws 2, hooves 2, cold resistance 1, foul stench 2, rot immunity
a: Minor Destruction, Lesser Servant of Makhleb, Major Destruction, Greater
Servant of Makhleb, Renounce Religion


You were on level 2 of the Spider Nest.
You worshipped Makhleb.
Makhleb was extremely pleased with you.
You were hungry.

You visited 5 branches of the dungeon, and saw 29 of its levels.

You collected 2575 gold pieces.
You spent 1698 gold pieces at shops.

Inventory:

Hand Weapons
 T - a +3 bardiche of freezing
Armour
 a - a +2 buckler of protection
 e - a +2 robe of the Archmagi
 g - a +2 cloak (worn)
 u - a +2 robe of fire resistance (worn)
 P - the +0 pair of boots of the Equinox (worn) {rC+ rN+ Regen+}
   (You acquired it on level 9 of the Dungeon)

   It protects you from cold.
   It protects you from negative energy.
   It increases your rate of regeneration.
 U - the +7 chain mail of Cheibriados's Anger {rCorr MP+9}
   (You found it on level 14 of the Dungeon)

   It affects your magic capacity (+9).
   It protects you from acid and corrosion.
Magical Staves
 l - an uncursed staff of death
Jewellery
 i - a ring of poison resistance (left claw)
 j - a cursed ring of teleportation
 x - an uncursed ring of resist corrosion
 y - an amulet of guardian spirit (around neck)
 B - the ring "Uroycix" (right claw) {SustAt *Contam rC+ rN+ Str+5}
   (You found it on level 8 of the Dungeon)

   [ring of sustain attributes]

   It sustains your strength, intelligence and dexterity.
   It affects your strength (+5).
   It protects you from cold.
   It protects you from negative energy.
   It causes magical contamination when unequipped.
 C - an uncursed amulet of rage
 E - a +6 ring of dexterity
Wands
 o - a wand of confusion (22/48)
 q - a wand of iceblast (8/15)
 v - a wand of lightning (8/15)
 w - a wand of enslavement (9/24)
 G - a wand of digging (5/24)
 I - a wand of digging (10/24)
 M - a wand of iceblast (4/15)
 Q - a wand of digging (12/24)
 R - a wand of iceblast (5/15)
Scrolls
 d - 8 scrolls of remove curse
 n - 21 scrolls of identify
 t - 2 scrolls of recharging
 z - a scroll of noise
 A - 6 scrolls of teleportation
 D - a scroll of amnesia
 J - 2 scrolls of enchant armour
 K - 2 scrolls of magic mapping
 O - 3 scrolls of enchant weapon
 Y - a scroll of fog
Potions
 f - a potion of cure mutation
 m - 4 potions of curing
 p - 6 potions of agility
 s - 6 potions of flight
 F - a potion of magic
 H - a potion of cancellation
 V - a potion of brilliance
 X - a potion of might
Books
 W - a book of Envenomations

   Spells                             Type                      Level
   a - Spider Form                    Transmutation/Poison         3
   b - Olgreb's Toxic Radiance        Poison                       4
   c - Alistair's Intoxication        Transmutation/Poison         5
   d - Poisonous Cloud                Conjuration/Poison/Air       6
Miscellaneous
 c - a legendary deck of wonders {drawn: 4}
 N - a box of beasts
 S - a lamp of fire
Comestibles
 b - 22 bread rations
 h - a royal jelly
 r - 11 meat rations


   Skills:
 - Level 9.0 Fighting
 - Level 11.1 Dodging
 - Level 1.7 Stealth
 + Level 16.3 Unarmed Combat
 - Level 7.6 Spellcasting
 - Level 10.3 Charms
 - Level 9.3 Necromancy
 - Level 14.5 Invocations
 - Level 7.5 Evocations


You had 8 spell levels left.
You knew the following spells:

 Your Spells              Type           Power        Failure   Level  Hunger
a - Controlled Blink      Tloc           N/A          100%        8    #######
b - Regeneration          Chrm/Necr      ####......   1%          3    ##.....
c - Passwall              Trmt/Erth      #.........   28%         2    #......
d - Song of Slaying       Chrm           ####....     1%          2    #......
e - Spectral Weapon       Hex/Chrm       ###.....     6%          3    ##.....
f - Swiftness             Chrm/Air       ###.....     2%          2    #......
g - Shroud of Golubria    Chrm/Tloc      ###.......   2%          2    #......


Dungeon Overview and Level Annotations

Branches:
Dungeon (15/15)            Temple (1/1) D:6            Lair (8/8) D:11
 Shoals (0/4) Lair:5       Spider (3/4) Lair:6        Slime (0/6) Lair:6
    Orc (2/2) D:11            Elf (0/3) Orc:2        Vaults (0/5) D:14
 Depths (0/5) D:15

Altars:
Ashenzari
Cheibriados
Dithmenos
Elyvilon
Fedhas
Gozag
Kikubaaqudgha
Makhleb
Nemelex Xobeh
Okawaru
Pakellas
Qazlal
Ru
Sif Muna
Trog
Vehumet
Xom
Yredelemnul
Zin
The Shining One
Jiyva

Shops:
D:5 *   D:9 ?**   D:15 !!!   Orc:2 =[(*

Annotations:
D:5 1 runed door


Innate Abilities, Weirdness & Mutations

You have a pair of antennae on your head.
You have very sharp fingernails.
You have hoof-like feet.
Your flesh is cold resistant.
You frequently emit foul miasma when damaged in melee.
You are immune to rotting.


Message History

The jumping spider bites you. The jumping spider pounces on you!
The jumping spider closely misses you.
Unknown command.
Unknown command.
A demon appears!
You are feeling hungry.
The jumping spider pounces on you!
* * * LOW HITPOINT WARNING * * *
The jumping spider bites you.
* * * LOW HITPOINT WARNING * * *
The demonic crawler hits you.
* * * LOW HITPOINT WARNING * * *
You emit a cloud of foul miasma!
The demonic crawler closely misses you. x2
The jumping spider barely misses you. The jumping spider bites you!
* * * LOW HITPOINT WARNING * * *
You emit a cloud of foul miasma!
The jumping spider leaps!
The demonic crawler hits you.
* * * LOW HITPOINT WARNING * * *
The demonic crawler hits you.
You die...

.# ##.....#
##.#...##..# ##
##...##
####..#..### ##
##### #####...# .##
### ##...#### ..#
######.###...##..#
.##
##.#.#.......##....
####
#..2.....s.##......
##.##
##.§.^.....#......#
..^.#
#@s.)....##.......
...##
#.s.#....#........
..##
#####..§..#.......
### ##..s.###.....
# #.....s#..#...
##.^....s.#### ##
##......†#.## .##
#...........# ..#
#...........#


You could see a demonic crawler, 2 jumping spiders and a friendly cacodemon.

Vanquished Creatures
  Frances (Spider:2)
  Maud (Lair:4)
  An emperor scorpion (Spider:1)
  An orc warlord (Orc:1)
  The ghost of r0y the Blocker, a journeyman MiBe of Trog (Orc:2)
  2 vault guards (D:14)
  A rakshasa (D:14)
  An ogre mage (D:15)
  14 hydras
  5 centaur warriors
  4 catoblepae
  20 death yaks
  Urug (D:14)
  2 orc high priests
  8 skeletal warriors
  A fire crab (Lair:8)
  A sea snake (shapeshifter) (D:13)
  3 unseen horrors
  Pikel (D:9)
  17 ugly things
  6 hill giants
  3 necromancers (D:14)
  A deep elf mage (D:14)
  5 griffons
  A wizard (D:14)
  2 orb spiders (Spider:1)
  3 orc sorcerers
  8 wolf spiders
  2 oklob plants (Lair:8)
  4 orc knights
  3 cyclopes
  A faun (shapeshifter) (D:15)
  7 centaur zombies
  18 elephants
  A salamander (D:15)
  7 black mambas
  Joseph (D:9)
  A guardian serpent (shapeshifter) (D:14)
  2 gargoyles
  A torpor snail (Spider:1)
  12 spiny frogs
  2 efreet (D:15)
  A freezing wraith (D:12)
  6 yaktaurs (D:14)
  2 demonic crawlers (Spider:1)
  8 komodo dragons
  A kobold demonologist (D:12)
  A tengu conjurer (D:12)
  18 jumping spiders
  A merfolk (D:9)
  2 boulder beetles
  3 trolls
  4 two-headed ogres
  25 blink frogs
  8 slime creatures
  10 redbacks
  5 tarantellas
  41 yaks
  3 shadows
  3 wyverns
  A wraith (D:12)
  Eustachio (D:5)
  15 hippogriffs
  3 basilisks
  4 steam dragons
  17 humans (D:14)
  5 hungry ghosts
  Menkaure (D:6)
  7 vampire mosquitoes
  3 wargs (Orc:2)
  Duvessa (D:5)
  17 water moccasins
  10 porcupines
  3 hell hounds (D:14)
  An eye of draining (D:14)
  27 orc warriors
  3 sky beasts
  3 ice beasts
  3 slaves (D:9)
  A wasp (D:12)
  4 black bears
  A necrophage (D:6)
  13 ogres
  A boggart (D:12)
  3 phantoms
  6 wolves
  15 centaurs
  15 crocodiles
  3 big kobolds
  A gnoll sergeant (D:10)
  23 giant frogs
  2 wyvern zombies (D:14)
  Dowan (D:5)
  2 wyvern skeletons
  4 scorpions
  9 killer bees
  2 electric eels
  16 wights
  7 howler monkeys
  A vampire bat (Lair:5)
  7 giant frog zombies
  5 crimson imps
  A quasit (D:7)
  3 centaur skeletons
  5 jellies
  3 orc priests
  12 hounds
  3 giant frog skeletons
  Jessica (D:2)
  Natasha (twice) (D:2)
  7 iguanas
  16 worker ants
  13 orc wizards
  11 sheep
  A hound skeleton (D:8)
  3 worker ant zombies
  4 gnolls (D:10)
  29 river rats
  10 adders
  2 shadow imps
  An ooze (D:2)
  7 worms
  5 dart slugs
  4 giant geckos
  58 orcs
  17 bats
  15 giant cockroaches
  7 goblins
  7 hobgoblins
  13 jackals
  4 quokkas
  4 ball pythons
  A giant gecko skeleton (D:8)
  8 giant newts
  7 kobolds
  10 rats
  A spectral orc (D:6)
  A bush (Lair:8)
  3 butterflies
  4 fungi
  6 plants
895 creatures vanquished.

Vanquished Creatures (collateral kills)
  An acid blob (shapeshifter) (D:12)
  Agnes (Spider:2)
  Azrael (D:14)
  Nessos (Lair:8)
  2 hydras
  2 orc high priests (Orc:2)
  A hill giant (D:12)
  2 ugly things
  3 orb spiders (Spider:2)
  2 elephants (Lair:5)
  A cyclops (D:12)
  2 manticores
  A black mamba (Lair:8)
  A torpor snail (Spider:2)
  A centaur zombie (D:14)
  A tengu conjurer (D:14)
  7 jumping spiders
  5 slime creatures
  13 redbacks
  3 fire elementals (D:14)
  A hell hound (D:14)
  An orc warrior (Orc:2)
  A wasp (Spider:2)
  2 centaurs (D:12)
  An eye of draining (D:12)
  2 electric eels
  A quasit (D:12)
  A crimson imp (D:14)
  A sheep (Lair:6)
  An orc (D:12)
63 creatures vanquished.

Vanquished Creatures (others)
  An elephant (Lair:8)
  A slime creature (D:12)
  2 tarantellas
  A slave (D:9)
  A centaur (D:14)
  A wolf (Lair:8)
  An orc wizard (D:8)
  A worker ant (D:14)
  45 fungi
  22 plants
  A spectral weapon (Orc:2)
77 creatures vanquished.

Grand Total: 1035 creatures vanquished

Notes
Turn   | Place    | Note
--------------------------------------------------------------
     0 | D:1      | Doomgape the Demonspawn Monk began the quest for the Orb.
     0 | D:1      | Reached XP level 1. HP: 18/18 MP: 1/1
   268 | D:1      | Reached skill level 4 in Unarmed Combat
   270 | D:1      | Gained mutation: You have large cloven feet. [demonic ancestry]
   270 | D:1      | Reached XP level 2. HP: 22/24 MP: 2/2
   837 | D:1      | Gained mutation: You have a pair of small antennae on your head. [demonic ancestry]
   837 | D:1      | Reached XP level 3. HP: 26/29 MP: 3/3
  1329 | D:2      | Noticed a moth of wrath
  1332 | D:2      | Found a bloodstained altar of Trog.
  1439 | D:2      | Noticed Natasha
  1450 | D:2      | Killed Natasha
  1450 | D:2      | Reached skill level 5 in Unarmed Combat
  1450 | D:2      | Gained mutation: Your flesh is cold resistant. [demonic ancestry]
  1450 | D:2      | Reached XP level 4. HP: 27/35 MP: 4/4
  1731 | D:2      | Noticed Natasha
  1736 | D:2      | Killed Natasha
  1747 | D:2      | Noticed a phantom
  1786 | D:2      | Killed a phantom
  1786 | D:2      | Reached skill level 6 in Unarmed Combat
  1786 | D:2      | Gained mutation: You have hoof-like feet. [demonic ancestry]
  1786 | D:2      | Reached XP level 5. HP: 16/41 MP: 5/5
  2060 | D:2      | Found a deep blue altar of Sif Muna.
  2739 | D:2      | Noticed Jessica
  2741 | D:2      | Found a blossoming altar of Fedhas.
  2747 | D:2      | Killed Jessica
  2820 | D:3      | Gained mutation: You have sharp fingernails. [demonic ancestry]
  2820 | D:3      | Reached XP level 6. HP: 47/47 MP: 6/6
  3025 | D:3      | Found a shadowy altar of Dithmenos.
  3496 | D:4      | Reached skill level 7 in Unarmed Combat
  3691 | D:4      | Found a glowing golden altar of the Shining One.
  3979 | D:5      | Entered Level 5 of the Dungeon
  3986 | D:5      | Noticed Duvessa
  3987 | D:5      | Gained mutation: You have a pair of antennae on your head. [demonic ancestry]
  3987 | D:5      | Reached XP level 7. HP: 42/52 MP: 7/7
  4001 | D:5      | Noticed Dowan
  4002 | D:5      | Killed Duvessa
  4002 | D:5      | Reached skill level 8 in Unarmed Combat
  4308 | D:5      | Killed Dowan
  4579 | D:5      | Noticed Eustachio
  4614 | D:5      | Killed Eustachio
  4614 | D:5      | Reached skill level 9 in Unarmed Combat
  4734 | D:5      | Found an opulent altar of Gozag.
  4743 | D:5      | Found Gozag's Platinum Reserve.
  4939 | D:5      | Found a runed door.
  4960 | D:5      | Found a runed door.
  5006 | D:5      | Gained mutation: You are immune to rotting. [demonic ancestry]
  5006 | D:5      | Reached XP level 8. HP: 58/58 MP: 8/8
  5290 | D:6      | Reached skill level 10 in Unarmed Combat
  5656 | D:6      | Found a basalt altar of Yredelemnul.
  6041 | D:6      | Found a staircase to the Ecumenical Temple.
  6049 | D:6      | Reached skill level 5 in Dodging
  6202 | D:6      | Noticed Menkaure
  6215 | D:6      | Killed Menkaure
  6422 | D:6      | Reached XP level 9. HP: 63/63 MP: 9/9
  6520 | Temple   | Entered the Ecumenical Temple
  6760 | Temple   | Became a worshipper of Makhleb the Destroyer
  6760 | Temple   | Reached * piety under Makhleb
  6760 | Temple   | Reached ** piety under Makhleb
  7726 | D:8      | Got a pitted lapis lazuli ring
  8213 | D:8      | Reached *** piety under Makhleb
  8543 | D:8      | Reached XP level 10. HP: 70/70 MP: 10/10
  8813 | D:8      | Reached skill level 10 in Dodging
  8914 | D:9      | Found Woha's Assorted Antiques.
  8923 | D:9      | Bought a dented peridot amulet for 135 gold pieces
  8923 | D:9      | Bought a glowing golden ring for 135 gold pieces
  9107 | D:9      | Identified the ring "Uroycix" {SustAt *Contam rC+ rN+ Str+5} (You found it on level 8 of the Dungeon)
  9330 | D:9      | Found Siliwk's Magic Scroll Shop.
  9344 | D:9      | Reached **** piety under Makhleb
  9357 | D:9      | Bought a scroll of identify for 26 gold pieces
  9357 | D:9      | Bought a scroll of identify for 26 gold pieces
  9357 | D:9      | Bought a scroll of identify for 26 gold pieces
  9403 | D:9      | Noticed Pikel
  9450 | D:9      | Killed Pikel
  9450 | D:9      | Reached skill level 5 in Fighting
  9644 | D:9      | Noticed Joseph
  9654 | D:9      | Killed Joseph
  9668 | D:9      | Found Uskiquol's General Store.
 10021 | D:10     | Entered Level 10 of the Dungeon
 10182 | D:10     | Reached skill level 5 in Invocations
 10687 | D:10     | Reached ***** piety under Makhleb
 11046 | D:11     | Found a staircase to the Lair.
 11174 | D:11     | Reached XP level 11. HP: 72/84 MP: 9/16
 11289 | D:11     | Noticed a hill giant
 11710 | D:12     | Noticed a hill giant
 11714 | D:12     | Noticed a purple ugly thing
 12549 | D:11     | Killed a hill giant
 12889 | D:11     | Found a staircase to the Orcish Mines.
 12977 | D:11     | Reached skill level 11 in Unarmed Combat
 13111 | Lair:1   | Entered Level 1 of the Lair of Beasts
 13337 | Lair:1   | Learned a level 8 spell: Controlled Blink
 13441 | Lair:1   | Noticed a four-headed hydra
 13451 | Lair:1   | Killed a four-headed hydra
 13497 | Lair:1   | Noticed a four-headed hydra
 13507 | Lair:1   | Killed a four-headed hydra
 13507 | Lair:1   | Reached skill level 12 in Unarmed Combat
 14254 | Lair:2   | Noticed a four-headed hydra
 14267 | Lair:2   | Killed a four-headed hydra
 14267 | Lair:2   | Gained mutation: You may emit foul miasma when damaged in melee. [demonic ancestry]
 14267 | Lair:2   | Reached XP level 12. HP: 58/95 MP: 8/18
 14560 | Lair:2   | Noticed a five-headed hydra
 14570 | Lair:2   | Killed a five-headed hydra
 14988 | Lair:3   | Reached skill level 13 in Unarmed Combat
 15709 | Lair:3   | Noticed a centaur warrior
 15714 | Lair:3   | Killed a centaur warrior
 16159 | Lair:3   | Noticed a seven-headed hydra
 16174 | Lair:3   | Killed a seven-headed hydra
 16495 | Lair:3   | Learned a level 3 spell: Regeneration
 16725 | Lair:4   | Noticed Maud
 16738 | Lair:4   | Killed Maud
 16738 | Lair:4   | Reached skill level 10 in Invocations
 17027 | Lair:4   | Noticed a death yak
 17027 | Lair:4   | Noticed a death yak
 17044 | Lair:4   | Killed a death yak
 17088 | Lair:4   | Noticed a death yak
 17089 | Lair:4   | Noticed a death yak
 17101 | Lair:4   | Killed a death yak
 17114 | Lair:4   | Killed a death yak
 17114 | Lair:4   | Reached skill level 14 in Unarmed Combat
 17127 | Lair:4   | Killed a death yak
 17908 | Lair:5   | Reached XP level 13. HP: 91/101 MP: 17/21
 17917 | Lair:5   | Reached ****** piety under Makhleb
 17960 | Lair:5   | Found a staircase to the Shoals.
 18279 | Lair:5   | Identified a scroll of acquirement
 19676 | Lair:6   | Found a hole to the Spider Nest.
 19706 | Lair:6   | Reached skill level 15 in Unarmed Combat
 19900 | Lair:6   | Found a viscous altar of Jiyva.
 19901 | Lair:6   | Found a staircase to the Slime Pits.
 20920 | Lair:7   | Reached skill level 1 in Necromancy
 21464 | Lair:8   | Entered Level 8 of the Lair of Beasts
 21573 | Lair:7   | Gained mutation: You frequently emit foul miasma when damaged in melee. [demonic ancestry]
 21573 | Lair:7   | Reached XP level 14. HP: 86/108 MP: 15/24
 21792 | Lair:8   | Noticed Nessos
 21825 | Lair:8   | Killed Nessos
 22243 | Lair:8   | Reached skill level 5 in Necromancy
 22763 | Lair:7   | HP: 3/108 [death yak (17)]
 23867 | Lair:8   | Reached skill level 1 in Spellcasting
 25813 | Lair:1   | Learned a level 2 spell: Passwall
 25822 | Lair:1   | Learned a level 2 spell: Song of Slaying
 25826 | Lair:1   | Learned a level 3 spell: Spectral Weapon
 25829 | Lair:1   | Learned a level 2 spell: Swiftness
 25832 | Lair:1   | Learned a level 2 spell: Shroud of Golubria
 25907 | Orc:1    | Entered Level 1 of the Orcish Mines
 25953 | Orc:2    | Entered Level 2 of the Orcish Mines
 25953 | Orc:2    | Found Qutwemae's Antique Armour Shop.
 26481 | Orc:2    | Noticed an orc warlord
 26631 | Orc:2    | Noticed r0y's ghost (journeyman MiBe)
 26963 | Orc:1    | Killed an orc warlord
 26963 | Orc:1    | Reached skill level 5 in Spellcasting
 26963 | Orc:1    | Reached XP level 15. HP: 113/113 MP: 21/25
 27557 | Orc:2    | Killed r0y's ghost
 27557 | Orc:2    | Reached skill level 1 in Charms
 27719 | Orc:2    | Found Efoshaf's Jewellery Shoppe.
 28113 | Orc:2    | Found Tasoanai's General Store.
 28197 | Orc:2    | Found a staircase to the Elven Halls.
 28419 | Orc:2    | Found Osofrut's Antique Weapon Boutique.
 29149 | D:12     | Gained mutation: Your flesh is heat resistant. [helix card]
 29150 | D:12     | Gained mutation: You passively map a small area around you. [helix card]
 29251 | D:12     | Reached skill level 1 in Evocations
 29527 | D:12     | HP: 2/113 [cyclops/large rock (38)]
 29530 | D:12     | Noticed an acid blob
 29531 | D:12     | Killed an acid blob
 31042 | D:13     | Reached skill level 5 in Evocations
 31696 | D:13     | Gained mutation: Armour fits poorly on your strangely shaped body. [potion of mutation]
 31696 | D:13     | Gained mutation: You possess an exceptional clarity of mind. [potion of mutation]
 32012 | D:14     | Noticed Urug
 32027 | D:14     | Killed Urug
 32812 | D:14     | Noticed Azrael
 32841 | D:14     | Killed Azrael
 33171 | D:14     | Reached skill level 16 in Unarmed Combat
 33311 | D:14     | Got a fine chain mail
 33312 | D:14     | Identified the +7 chain mail of Cheibriados's Anger {rCorr MP+9} (You found it on level 14 of the Dungeon)
 33506 | D:14     | Reached skill level 5 in Charms
 33583 | D:14     | Lost mutation: Armour fits poorly on your strangely shaped body. [potion of cure mutation]
 33583 | D:14     | Lost mutation: You passively map a small area around you. [potion of cure mutation]
 33583 | D:14     | Lost mutation: You possess an exceptional clarity of mind. [potion of cure mutation]
 33583 | D:14     | Lost mutation: Your flesh is heat resistant. [potion of cure mutation]
 33620 | D:14     | Found a gate to the Vaults.
 33677 | D:14     | Gained mutation: You have very sharp fingernails. [demonic ancestry]
 33677 | D:14     | Reached XP level 16. HP: 93/120 MP: 6/26
 34109 | D:15     | Entered Level 15 of the Dungeon
 34437 | D:15     | HP: 5/120 [ogre mage/halberd (8)]
 35426 | D:15     | Found a staircase to the Depths.
 35463 | D:15     | Found Mompirag's Distillery.
 35466 | D:15     | Bought a potion of curing for 36 gold pieces
 35466 | D:15     | Bought a potion of curing for 36 gold pieces
 35466 | D:15     | Bought a potion of heal wounds for 60 gold pieces
 35481 | D:15     | Found Owoelin's Distillery.
 35484 | D:15     | Bought a potion of heal wounds for 50 gold pieces
 35484 | D:15     | Bought a potion of heal wounds for 50 gold pieces
 36114 | D:15     | Found Xaoxou's Distillery.
 36120 | D:15     | Bought a potion of heal wounds for 80 gold pieces
 36120 | D:15     | Bought a potion of curing for 48 gold pieces
 36281 | D:15     | Reached skill level 10 in Charms
 36491 | D:9      | Bought a scroll of acquirement for 780 gold pieces
 36491 | D:9      | Bought a potion of curing for 45 gold pieces
 36491 | D:9      | Bought a scroll of teleportation for 45 gold pieces
 36491 | D:9      | Bought a meat ration for 75 gold pieces
 36491 | D:9      | Bought a scroll of remove curse for 45 gold pieces
 36498 | D:9      | Got a pair of warped boots
 36504 | D:9      | Identified the +0 pair of boots of the Equinox {rC+ rN+ Regen+} (You acquired it on level 9 of the Dungeon)
 36728 | Spider:1 | Entered Level 1 of the Spider Nest
 38454 | Spider:2 | Noticed Frances
 38468 | Spider:2 | Killed Frances
 38998 | Spider:3 | Noticed Agnes
 39014 | Spider:2 | Killed Agnes
 39019 | Spider:2 | HP: 5/120 [jumping spider (7)]
 39019 | Spider:2 | HP: 2/120 [demonic crawler (3)]
 39019 | Spider:2 | Slain by a demonic crawler

Skill      XL: |  1  2  3  4  5  6  7  8  9 10 11 12 13 14 15 16 |
---------------+-------------------------------------------------+-----
Unarmed Combat | 4 5 6 7 9 10 12 14 15 16 | 16.3
Dodging        | 5 9 10 11 | 11.1
Fighting       | 7 9 |  9.0
Invocations    | 7 8 11 14 | 14.5
Necromancy     | 2 9 |  9.3
Spellcasting   | 5 6 7 |  7.6
Charms         | 5 10 | 10.3
Evocations     | 7 |  7.5
Stealth        | |  1.7

Action                   |  1- 3 |  4- 6 |  7- 9 | 10-12 | 13-15 | 16-18 || total
-------------------------+-------+-------+-------+-------+-------+-------++-------
Melee: Unarmed           |   146 |   241 |   456 |   875 |  1713 |   534 ||  3965
       Kick              |    21 |    50 |   128 |   401 |   919 |   193 ||  1712
       Punch             |     2 |    10 |    18 |    69 |   233 |    55 ||   387
       Bardiche          |       |       |       |       |     1 |       ||     1
       Staff             |       |       |       |       |       |     3 ||     3
 Cast: Regeneration      |       |       |       |       |    35 |    29 ||    64
       Shroud of Golubri |       |       |       |       |    19 |    28 ||    47
       Swiftness         |       |       |       |       |     5 |     5 ||    10
       Song of Slaying   |       |       |       |       |     4 |     8 ||    12
       Spectral Weapon   |       |       |       |       |     3 |       ||     3
Invok: Lesser Servant of |       |       |       |     1 |       |     1 ||     2
       Greater Servant o |       |       |       |     1 |    12 |     8 ||    21
       Major Destruction |       |       |       |       |    15 |    16 ||    31
Evoke: Wand              |       |       |       |    11 |    10 |       ||    21
       Phantom mirror    |       |       |       |       |     1 |       ||     1
       Deck              |       |       |       |       |     4 |       ||     4
  Use: Scroll            |     2 |     3 |     3 |    13 |    15 |     6 ||    42
       Potion            |       |     5 |     2 |     9 |     9 |     8 ||    33
 Stab: Sleeping          |     3 |     7 |     2 |     7 |     6 |     1 ||    26
       Distracted        |       |       |       |     1 |     1 |     2 ||     4
       Invisible         |       |       |       |       |     4 |       ||     4
       Confused          |       |       |       |       |       |     1 ||     1
       Petrified         |       |       |       |       |       |     1 ||     1
  Eat: Chunk             |     2 |     8 |    13 |    24 |    46 |    10 ||   103
       Fruit             |       |       |     4 |    11 |     5 |     2 ||    22
       Pizza             |       |       |       |     1 |     3 |       ||     4
       Bread ration      |       |       |       |       |     1 |     1 ||     2
       Beef jerky        |       |       |       |       |     1 |     3 ||     4
       Meat ration       |       |       |       |       |       |     1 ||     1
Armor: Robe              |    26 |    28 |    53 |   139 |   181 |    92 ||   519
Dodge: Dodged            |    85 |   155 |   331 |   903 |  1521 |   538 ||  3533
